 Dungeon Crawl Stone Soup version 0.23-a0-338-g8ff0b24 (webtiles) character file.

6356 galech the Cleaver (level 10, -4/77 HPs)
             Began as a Demonspawn Fighter on Oct 18, 2018.
             Was a High Priest of Okawaru.
             Slain by a two-headed ogre
             ... wielding a +0 giant club
              (20 damage)
             ... on level 9 of the Dungeon.
             The game lasted 00:14:28 (10082 turns).

galech the Cleaver (Demonspawn Fighter)            Turns: 10082, Time: 00:14:29

Health: -4/77      AC: 14    Str: 22    XL:     10   Next: 65%
Magic:  8/10       EV: 15    Int: 10    God:    Okawaru [*****.]
Gold:   498        SH: 13    Dex: 17    Spells: 9/9 levels left

rFire    . . .     SeeInvis .   a - +0 war axe
rCold    . . .     Gourm    .   c - +0 shield
rNeg     . . .     Faith    .   b - +0 scale mail
rPois    +         Spirit   .   (no helmet)
rElec    .         Reflect  .   y - +2 cloak
rCorr    .         Harm     .   (no gloves)
MR       .....                  q - +0 pair of boots
Stlth    ++++......             (no amulet)
HPRegen  0.22/turn              F - ring of stealth
MPRegen  0.12/turn              D - ring of poison resistance

@: mighty, heroism
A: claws 2, thin skeletal structure 1, powered by pain 1, spiny 1
a: Heroism, Finesse, Renounce Religion


You were on level 9 of the Dungeon.
You worshipped Okawaru.
Okawaru was extremely pleased with you.
You were not hungry.

You visited 1 branch of the dungeon, and saw 9 of its levels.
You also visited: Sewer.

You collected 498 gold pieces.

Inventory:

Hand Weapons
 a - a +0 war axe (weapon)
Armour
 b - a +0 scale mail (worn)
 c - a +0 shield (worn)
 q - a +0 pair of boots (worn)
 y - a +2 cloak (worn)
Jewellery
 D - a ring of poison resistance (right claw)
 F - a ring of stealth (left claw)
Wands
 n - a wand of flame (34)
 B - a wand of acid (4)
 E - a wand of iceblast (8)
Scrolls
 d - 5 scrolls of identify
 g - a scroll of noise
 h - 2 scrolls of teleportation
 l - 2 scrolls of random uselessness
 m - 3 scrolls of fear
 o - 3 scrolls of remove curse
 p - 2 scrolls of blinking {unknown}
 r - a scroll of enchant armour {unknown}
 t - a scroll of amnesia {unknown}
 u - a scroll of silence {unknown}
 w - 2 scrolls of magic mapping
 x - a scroll of fog {unknown}
Potions
 e - a potion of lignification
 i - 2 potions of curing
 j - 2 potions of heal wounds
 k - 3 potions of brilliance {unknown}
 s - 2 potions of degeneration
 v - a potion of mutation {unknown}
 z - a potion of haste
 A - a potion of invisibility {unknown}
 C - a potion of cancellation {unknown}
Comestibles
 f - 22 rations
 G - 11 chunks of flesh


   Skills:
 + Level 6.8(11.8) Fighting
 + Level 9.7(14.7) Axes
 + Level 7.1(12.1) Armour
 + Level 3.7(8.7) Dodging
 + Level 1.8(6.8) Stealth
 + Level 6.7(11.7) Shields
 + Level 0.2 Invocations


You had 9 spell levels left.
You didn't know any spells.
Your spell library contained the following spells:

 Spells                   Type           Power        Failure   Level  Hunger
 Animate Skeleton         Necr           N/A          77%         1    ##.....
 Apportation              Tloc           #.....       77%         1    ##.....
 Confusing Touch          Hex            #.....       77%         1    ##.....
 Freeze                   Ice            #...         77%         1    ##.....
 Summon Small Mammal      Summ           #...         77%         1    ##.....
 Throw Frost              Conj/Ice       #.....       88%         2    ###....
 Confuse                  Hex            #.......     98%         3    ####...
 Gell's Gravitas          Tloc           #.........   98%         3    ####...
 Ozocubu's Armour         Chrm/Ice       #.......     98%         3    ####...
 Petrify                  Tmut/Erth      #.......     100%        4    #####..
 Summon Ice Beast         Ice/Summ       #.......     100%        4    #####..
 Throw Icicle             Conj/Ice       #.......     100%        4    #####..
 Metabolic Englaciation   Hex/Ice        #.........   100%        5    ######.
 Yara's Violent Unravell  Hex/Tmut       #.........   100%        5    ######.


Dungeon Overview and Level Annotations

Branches:
Dungeon (9/15)             Temple (0/1) D:6
   Lair: D:8-11         Orc: D:9-12

Altars:
Dithmenos
Elyvilon
Fedhas
Kikubaaqudgha
Makhleb
Nemelex Xobeh
Okawaru
Qazlal
Ru
Trog
Vehumet
Wu Jian
Yredelemnul

Shops:
D:5 [   D:8 =


Innate Abilities, Weirdness & Mutations

You have very sharp fingernails.
You have a somewhat thin skeletal structure. (Dex +2, Stealth)
You sometimes gain a little power by taking damage.
You are partially covered in sharp spines.


Message History

You slash the two-headed ogre!
The two-headed ogre is lightly wounded.
You barely miss the two-headed ogre.
The two-headed ogre is lightly wounded.
The two-headed ogre hits you with a +0 giant club.
The two-headed ogre misses you.
You hit the two-headed ogre.
The two-headed ogre is moderately wounded.
You slash the two-headed ogre!
The two-headed ogre is moderately wounded.
The two-headed ogre hits you with a +0 giant club!!
You focus on the pain.
You feel very mighty all of a sudden.
The two-headed ogre hits you with a cursed +0 giant club!!
* * * LOW HITPOINT WARNING * * *
You slice the two-headed ogre!!
The two-headed ogre is severely wounded.
You block the two-headed ogre's attack.
The two-headed ogre hits you with a cursed +0 giant club!!
You die...

############
#..........#
#..........#
#..........#
#......รทรทรท.# ..
..####.).((.(...####..
.....................
........@O...........
####..####........###
#.. #...$....# #..
#........# #.
##........####### ..
>..................
...................
##########[........
#(........


You could see a two-headed ogre.

Vanquished Creatures
  A two-headed ogre (D:9)
  Pikel (D:6)
  2 hornets (D:8)
  Prince Ribbit (D:7)
  Grinder (D:5)
  3 hippogriffs
  Sigmund (D:5)
  Eustachio (D:5)
  A hungry ghost (D:8)
  Edmund (D:4)
  A soldier ant (D:8)
  A slave (D:6)
  2 ice beasts (D:6)
  2 phantoms
  3 sky beasts
  2 ogres
  A necrophage (D:5)
  3 centaurs (D:9)
  A big kobold (D:8)
  3 bullfrogs
  A scorpion (D:8)
  5 killer bees
  11 wights
  5 howler monkeys
  A crimson imp (D:5)
  4 jellies
  Crazy Yiuf (D:4)
  2 hounds
  A bullfrog skeleton (D:5)
  4 iguanas
  8 worker ants
  A hound zombie (D:6)
  A howler monkey zombie (D:5)
  The ghost of Amnesiac the Sneak, a weakling FeEE (D:5)
  11 gnolls
  13 adders
  2 shadow imps
  An ooze (D:2)
  3 adder skeletons
  An adder zombie (D:7)
  5 worms
  4 dart slugs
  11 leopard geckos
  8 orcs
  4 ball pythons
  12 giant cockroaches
  7 goblins
  8 hobgoblins
  3 jackals (D:5)
  4 quokkas
  10 bats
  17 frilled lizards
  A jackal zombie (D:7)
  16 kobolds
  8 rats
  3 fungi (D:4)
230 creatures vanquished.

Vanquished Creatures (others)
  A slave (D:6)
  A hound zombie (D:6)
  4 gnolls (D:6)
  A leopard gecko (D:6)
7 creatures vanquished.

Grand Total: 237 creatures vanquished

Notes
Turn   | Place    | Note
-------+----------+-------------------------------------------
     0 | D:1      | galech the Demonspawn Fighter began the quest for the Orb.
     0 | D:1      | Reached XP level 1. HP: 18/18 MP: 1/1
    60 | D:1      | Gained mutation: You have a somewhat thin skeletal
                  | structure. (Dex +2, Stealth) [demonic ancestry]
    60 | D:1      | Reached XP level 2. HP: 24/24 MP: 2/2
   735 | D:2      | Reached skill level 2 in Axes
   869 | D:2      | Gained mutation: You sometimes gain a little power by
                  | taking damage. [demonic ancestry]
   869 | D:2      | Reached XP level 3. HP: 22/29 MP: 3/3
   870 | D:2      | Found a shadowy altar of Dithmenos.
  1568 | D:2      | Reached XP level 4. HP: 35/36 MP: 4/4
  2395 | D:3      | Noticed a moth of wrath
  2398 | D:3      | Found a bloodstained altar of Trog.
  2463 | D:3      | Reached skill level 3 in Axes
  2463 | D:3      | Gained mutation: You are partially covered in sharp spines.
                  | [demonic ancestry]
  2463 | D:3      | Reached XP level 5. HP: 28/42 MP: 5/5
  2471 | D:3      | Found a burning altar of Makhleb.
  2875 | D:3      | Found a sparkling altar of Nemelex Xobeh.
  3014 | D:3      | Reached XP level 6. HP: 47/48 MP: 6/6
  3353 | D:3      | Found a sacrificial altar of Ru.
  3357 | D:3      | Found a radiant altar of Vehumet.
  3360 | D:3      | Found a stormy altar of Qazlal.
  3653 | D:3      | Found an iron altar of Okawaru.
  3721 | D:4      | Noticed Edmund
  3762 | D:3      | Became a worshipper of Warmaster Okawaru
  3784 | D:4      | Killed Edmund
  3784 | D:4      | Reached skill level 4 in Axes
  3784 | D:4      | Reached skill level 1 in Dodging
  3971 | D:4      | Found a glowing drain.
  4071 | Sewer    | Entered a sewer
  4565 | D:4      | Reached XP level 7. HP: 48/54 MP: 7/7
  4921 | D:4      | Reached * piety under Okawaru
  5360 | D:4      | Found a runed door.
  5364 | D:4      | Noticed Crazy Yiuf
  5373 | D:4      | Killed Crazy Yiuf
  5573 | D:5      | Entered Level 5 of the Dungeon
  5599 | D:5      | Noticed Grinder
  5610 | D:5      | Killed Grinder
  5610 | D:5      | Reached skill level 5 in Axes
  5747 | D:5      | Noticed Eustachio
  5770 | D:5      | Killed Eustachio
  5959 | D:5      | Found Qudojymu's Antique Armour Shoppe.
  5966 | D:5      | Reached skill level 5 in Armour
  5966 | D:5      | Gained mutation: You have sharp fingernails. [demonic
                  | ancestry]
  5966 | D:5      | Reached XP level 8. HP: 61/61 MP: 8/8
  6174 | D:5      | Found an ornate altar of the Wu Jian Council.
  6285 | D:5      | Found a shadowy altar of Dithmenos.
  6324 | D:5      | Found a runed door.
  6324 | D:5      | Noticed Amnesiac's ghost (weakling FeEE)
  6336 | D:5      | Reached ** piety under Okawaru
  6336 | D:5      | Reached skill level 1 in Stealth
  6369 | D:5      | Found an ancient bone altar of Kikubaaqudgha.
  6369 | D:5      | Found a blossoming altar of Fedhas.
  6421 | D:5      | Noticed Sigmund
  6441 | D:5      | Killed Sigmund
  6441 | D:5      | Reached skill level 6 in Axes
  6868 | D:6      | Found a basalt altar of Yredelemnul.
  6880 | D:6      | Noticed Pikel
  6886 | D:6      | Killed Pikel
  6886 | D:6      | Reached skill level 5 in Fighting
  7078 | D:6      | Reached skill level 7 in Axes
  7078 | D:6      | Gained mutation: You have very sharp fingernails. [demonic
                  | ancestry]
  7078 | D:6      | Reached XP level 9. HP: 68/68 MP: 9/9
  7140 | D:6      | Reached *** piety under Okawaru
  7300 | D:6      | Found a staircase to the Ecumenical Temple.
  7597 | D:7      | Reached skill level 5 in Shields
  7881 | D:7      | Noticed Prince Ribbit
  7891 | D:7      | Killed Prince Ribbit
  8033 | D:7      | Reached skill level 8 in Axes
  8072 | D:7      | Reached **** piety under Okawaru
  8410 | D:8      | Reached XP level 10. HP: 61/76 MP: 10/10
  8655 | D:8      | Found a white marble altar of Elyvilon.
  8696 | D:8      | Found Jebops's Jewellery Boutique.
  8832 | D:8      | Paralysed by a hornet for 3 turns
  8832 | D:8      | Reached skill level 9 in Axes
  9406 | D:5      | Killed Amnesiac's ghost
  9538 | D:9      | Noticed a two-headed ogre
  9802 | D:9      | Killed a two-headed ogre
  9802 | D:9      | Reached ***** piety under Okawaru
 10068 | D:9      | Noticed a two-headed ogre
 10082 | D:9      | Slain by a two-headed ogre

Vault maps used:
D:1:      arrival_zaba_pyramid, serial_glass, glass_columns_a, glass_columns_b
D:2:      nicolae_dithmenos_through_a_glass_darkly, first_ration
D:3:      grunt_temple_overflow_diamond, bloody_makhleb,
          nicolae_overflow_hidden_temple, nemelex_xobeh_ov_fountains_minmay,
          chequers_serial_rivers_micro_b, tgw_trog
D:4:      corexii_shack_village, gup_sewer_entry_pipe, minmay_fountain_box,
          interstate_on_off, wad_floor_pattern_1, uniq_crazy_yiuf_cottage,
          uniq_edmund
D:5:      grunt_temple_overflow_growth_and_decay, kennysheep_little_box,
          basic_altar, serial_shops, kennysheep_mini_moat,
          ebering_ghost_sewer_d, corexii_hall_statues_x,
          minmay_misc_feat_columns, uniq_sigmund, uniq_grinder, uniq_eustachio
D:6:      old_standard_altar, minmay_temple_entry_statues_fountains, uniq_pikel
D:7:      uniq_prince_ribbit1
D:8:      lemuel_doored_altar, serial_shops, shop, hangedman_pestilent_swarm
D:9:      cheibrodos_iron_armory, nicolae_qazlal_style_of_elements
Sewer:    sewer_frog_island_01

Skill      XL: |  1  2  3  4  5  6  7  8  9 10 |
---------------+-------------------------------+-----
Axes           | 2 3 4 5 7 8 9 |  9.7
Armour         | 3 4 5 6 7 |  7.1
Shields        | 3 4 5 6 |  6.7
Fighting       | 4 5 6 |  6.8
Dodging        | 1 2 3 |  3.7
Stealth        | 1 |  1.8
Invocations    | |  0.2

Action                   |  1- 3 |  4- 6 |  7- 9 | 10-12 || total
-------------------------+-------+-------+-------+-------++-------
Melee: War axe           |    85 |   193 |   327 |   145 ||   750
Invok: Heroism           |       |       |       |     3 ||     3
  Use: Scroll            |       |     5 |     3 |       ||     8
       Potion            |       |     2 |     1 |       ||     3
 Stab: Sleeping          |       |       |     1 |       ||     1
       Distracted        |       |       |       |     1 ||     1
  Eat: Chunk             |     2 |    10 |    13 |     5 ||    30
       Ration            |       |       |       |     1 ||     1
Armor: Scale mail        |    33 |    71 |   146 |    55 ||   305
       Skin              |       |     5 |       |       ||     5
Dodge: Dodged            |    25 |    51 |   103 |    67 ||   246
Block: Shield            |    42 |   113 |   143 |    98 ||   396

Table legend:
 A = Non-vault XP
 B = Vault XP
 C = Vault XP percentage of total XP
 D = Non-vault monster count
 E = Vault monster count
 F = Vault count percentage of total count
                 A         B        C        D         E       F
            +---------+---------+-------+---------+---------+-------
      Total |    6436 |    2645 |  29.1 |     176 |      50 |  22.1
            +---------+---------+-------+---------+---------+-------
        D:1 |      50 |       0 |   0.0 |      10 |       0 |   0.0
        D:2 |     110 |       0 |   0.0 |      31 |       0 |   0.0
        D:3 |     275 |       9 |   3.2 |      28 |       5 |  15.2
        D:4 |     201 |     227 |  53.0 |      12 |      14 |  53.8
        D:5 |     402 |     741 |  64.8 |      14 |       7 |  33.3
        D:6 |     575 |     586 |  50.5 |      13 |       1 |   7.1
        D:7 |    1355 |     274 |  16.8 |      24 |       1 |   4.0
        D:8 |    1336 |     779 |  36.8 |      28 |       4 |  12.5
        D:9 |    2132 |       0 |   0.0 |      16 |       0 |   0.0
      Sewer |       0 |      29 | 100.0 |       0 |      18 | 100.0
            +---------+---------+-------+---------+---------+-------
